AA
CLEBURNE RAILROADERS @ SIOUX CITY EXPLORERS
06/03/2072
 
TOP OF THE 1ST
Los Angeles Angels batting - Pitching for Boston Red Sox : RHP Matt Love
Pitching: RHP Matt Love
Batting: RHB Leo Romo 0-0: Foul Ball, location: 2F
0-1: Ball
1-1: Swinging Strike
1-2: Fly out, F8 (Flyball, 8LM, EV 92.5 MPH)
Batting: SHB Chance Gayles 0-0: Ball
1-0: Called Strike
1-1: Called Strike
1-2: Ball
2-2: Strikes out swinging
Batting: SHB Sam Thomas 0-0: Swinging Strike
0-1: Foul Ball, location: 2F
0-2: Ball
1-2: Strikes out swinging, 2-3 out at first.
Top of the 1st over - 0 runs, 0 hits, 0 errors, 0 left on base; Los Angeles 0 - Boston 0
BOTTOM OF THE 1ST
Boston Red Sox batting - Pitching for Los Angeles Angels : LHP Tony Zamudio
Pitching: LHP Tony Zamudio
Batting: RHB Mitch Odom 0-0: Ball
1-0: Foul Ball, location: 2F
1-1: Ball
2-1: Foul Ball, location: 2F
2-2: Ground out 5-3 (Groundball, 5, EV 78.8 MPH)
Batting: RHB Mike Ayala 0-0: SINGLE (Groundball, 4D, EV 100.0 MPH)
Batting: LHB Edgar Bravo 0-0: SINGLE (Line Drive, 3D, EV 100.0 MPH)
Mike Ayala to second
Batting: RHB Justin Welsh 0-0: Called Strike
0-1: Ball
1-1: Called Strike
1-2: Strikes out swinging
Batting: LHB Halvor Groth 0-0: Ball
1-0: Ball
2-0: Called Strike
2-1: Fly out, F2 (Popup, 2LF, EV 89.4 MPH)
Bottom of the 1st over - 0 runs, 2 hits, 0 errors, 2 left on base; Los Angeles 0 - Boston 0
TOP OF THE 2ND
Los Angeles Angels batting - Pitching for Boston Red Sox : RHP Matt Love
Batting: LHB Alex Barrera 0-0: Called Strike
0-1: Ball
1-1: Ball
2-1: Ball
3-1: Foul Ball, location: 2F
3-2: Strikes out swinging
Batting: RHB Eric Goff 0-0: Ball
1-0: Called Strike
1-1: Foul Ball, location: 2F
1-2: Foul Ball, location: 2F
1-2: Strikes out swinging
Batting: LHB Andres Ponce 0-0: Ball
1-0: Called Strike
1-1: Called Strike
1-2: Strikes out looking
Top of the 2nd over - 0 runs, 0 hits, 0 errors, 0 left on base; Los Angeles 0 - Boston 0
BOTTOM OF THE 2ND
Boston Red Sox batting - Pitching for Los Angeles Angels : LHP Tony Zamudio
Batting: RHB Jose Tamayo 0-0: Called Strike
0-1: Ball
1-1: Fly out, F9 (Flyball, 9LS, EV 76.2 MPH)
Batting: LHB Jorge Barrera 0-0: Ball
1-0: Ball
2-0: Foul Ball, location: 2F
2-1: Ball
3-1: SINGLE (Groundball, 25, EV 66.2 MPH) (infield hit)
Batting: RHB Tom Miller 0-0: Called Strike
0-1: Called Strike
0-2: Strikes out looking
Batting: RHB Nimulodi Adebayo 0-0: Ball
1-0: Ball
2-0: Ball
3-0: Base on Balls
Jorge Barrera to second
Batting: RHB Mitch Odom 0-0: Foul Ball, location: 2F
0-1: Foul Ball, location: 2F
0-2: Ball
1-2: Strikes out swinging
Bottom of the 2nd over - 0 runs, 1 hit, 0 errors, 2 left on base; Los Angeles 0 - Boston 0
TOP OF THE 3RD
Los Angeles Angels batting - Pitching for Boston Red Sox : RHP Matt Love
Batting: LHB Rimbo Lindstrom 0-0: Ground out 4-3 (Groundball, 34D, EV 109.4 MPH)
Batting: LHB Esteban Jimenez 0-0: Ball
1-0: Ball
2-0: SOLO HOME RUN (Flyball, 9D, EV 101.2 MPH), Distance : 392 ft
Batting: RHB David Costilla 0-0: Ground out 6-3 (Groundball, 6, EV 86.9 MPH)
Batting: RHB Leo Romo 0-0: Ball
1-0: Foul Ball, location: 2F
1-1: Ball
2-1: Foul Ball, location: 2F
2-2: Ground out 5-3 (Groundball, 56S, EV 74.4 MPH)
Top of the 3rd over - 1 run, 1 hit, 0 errors, 0 left on base; Los Angeles 1 - Boston 0
BOTTOM OF THE 3RD
Boston Red Sox batting - Pitching for Los Angeles Angels : LHP Tony Zamudio
Batting: RHB Mike Ayala 0-0: Called Strike
0-1: Ball
1-1: Foul Ball, location: 2F
1-2: Foul Ball, location: 2F
1-2: Foul Ball, location: 2F
1-2: Ball
2-2: DOUBLE (Line Drive, 9LS, EV 103.8 MPH)
Batting: LHB Edgar Bravo 0-0: Ball
1-0: Ball
2-0: Called Strike
2-1: Ground out 6-3 (Groundball, 6M, EV 88.1 MPH)
Mike Ayala to third
Batting: RHB Justin Welsh 0-0: Ball
1-0: Swinging Strike
1-1: Ball
2-1: Fly out, F4 (Flyball, 34D, EV 85.0 MPH)
Batting: LHB Halvor Groth 0-0: Swinging Strike
0-1: Called Strike
0-2: Foul Ball, location: 2F
0-2: Ball
1-2: Foul Ball, location: 2F
1-2: Foul Ball, location: 2F
1-2: Ball
2-2: Strikes out swinging
Bottom of the 3rd over - 0 runs, 1 hit, 0 errors, 1 left on base; Los Angeles 1 - Boston 0
TOP OF THE 4TH
Los Angeles Angels batting - Pitching for Boston Red Sox : RHP Matt Love
Batting: SHB Chance Gayles 0-0: Ball
1-0: Called Strike
1-1: Ball
2-1: Called Strike
2-2: Strikes out swinging, 2-3 out at first.
Batting: SHB Sam Thomas 0-0: Ball
1-0: Fly out, F7 (Flyball, 7D, EV 91.9 MPH)
Batting: LHB Alex Barrera 0-0: Fly out, F8 (Line Drive, 8LM, EV 95.0 MPH)
Top of the 4th over - 0 runs, 0 hits, 0 errors, 0 left on base; Los Angeles 1 - Boston 0
BOTTOM OF THE 4TH
Boston Red Sox batting - Pitching for Los Angeles Angels : LHP Tony Zamudio
Batting: RHB Jose Tamayo 0-0: Called Strike
0-1: Ball
1-1: Fly out, F8 (Line Drive, 8RM, EV 99.4 MPH)
Batting: LHB Jorge Barrera 0-0: Swinging Strike
0-1: Ball
1-1: Fly out, F7 (Flyball, 78D, EV 86.2 MPH)
Batting: RHB Tom Miller 0-0: Swinging Strike
0-1: Ball
1-1: Fly out, F7 (Line Drive, 7, EV 110.0 MPH)
Bottom of the 4th over - 0 runs, 0 hits, 0 errors, 0 left on base; Los Angeles 1 - Boston 0
TOP OF THE 5TH
Los Angeles Angels batting - Pitching for Boston Red Sox : RHP Matt Love
Pitching: RHP Chris McFarland
Batting: RHB Eric Goff 0-0: Ball
1-0: Swinging Strike
1-1: Ball
2-1: Swinging Strike
2-2: Foul Ball, location: 2F
2-2: Ball
3-2: Base on Balls
Batting: LHB Andres Ponce 0-0: Ball
1-0: Called Strike
1-1: Ball
2-1: Ball
3-1: Swinging Strike
3-2: Foul Ball, location: 2F
3-2: Foul Ball, location: 2F
3-2: Foul Ball, location: 2F
3-2: Strikes out looking
Eric Goff steals 2nd base
Batter strikes out.
Batting: LHB Rimbo Lindstrom 0-0: Ball
1-0: Ball
2-0: Ball
3-0: Called Strike
3-1: Ground out 6-3 (Groundball, 6M, EV 110.0 MPH)
Eric Goff to third
Batting: LHB Esteban Jimenez 0-0: Foul Ball, location: 2F
0-1: Ball
1-1: Ball
2-1: Ball
3-1: Base on Balls
Batting: RHB David Costilla 0-0: Ball
1-0: Called Strike
1-1: Fly out, F8 (Flyball, 89M, EV 93.1 MPH)
Top of the 5th over - 0 runs, 0 hits, 0 errors, 2 left on base; Los Angeles 1 - Boston 0
BOTTOM OF THE 5TH
Boston Red Sox batting - Pitching for Los Angeles Angels : LHP Tony Zamudio
Pitching: RHP Danny Bolduc
Batting: RHB Nimulodi Adebayo 0-0: Ball
1-0: Ball
2-0: Foul Ball, location: 2F
2-1: Foul Ball, location: 2F
2-2: Ball
3-2: Base on Balls
Batting: RHB Mitch Odom 0-0: Ball
Nimulodi Adebayo is caught stealing 2nd base 2-4
1-0: Foul Ball, location: 2F
1-1: Called Strike
1-2: Ball
2-2: Ball
3-2: Ground out 5-3 (Groundball, 56, EV 90.0 MPH)
Batting: RHB Mike Ayala 0-0: Called Strike
0-1: Foul Ball, location: 2F
0-2: Strikes out swinging
Bottom of the 5th over - 0 runs, 0 hits, 0 errors, 0 left on base; Los Angeles 1 - Boston 0
TOP OF THE 6TH
Los Angeles Angels batting - Pitching for Boston Red Sox : RHP Chris McFarland
Batting: RHB Leo Romo 0-0: Ground out 5-3 (Groundball, 56, EV 97.5 MPH)
Batting: SHB Chance Gayles 0-0: Ball
1-0: Ball
2-0: Ball
3-0: Called Strike
3-1: Base on Balls
Batting: SHB Sam Thomas 0-0: Ball
1-0: Called Strike
1-1: Ball
2-1: Foul Ball, location: 2F
2-2: Strikes out swinging
Batting: LHB Alex Barrera 0-0: Ball
Chance Gayles steals 2nd base
1-0: Called Strike
1-1: Swinging Strike
1-2: Ball
2-2: Strikes out swinging
Top of the 6th over - 0 runs, 0 hits, 0 errors, 1 left on base; Los Angeles 1 - Boston 0
BOTTOM OF THE 6TH
Boston Red Sox batting - Pitching for Los Angeles Angels : RHP Danny Bolduc
Batting: LHB Edgar Bravo 0-0: Ground out 6-3 (Groundball, 6M, EV 86.9 MPH)
Batting: RHB Justin Welsh 0-0: Ball
1-0: Ball
2-0: Ball
3-0: Base on Balls
Batting: LHB Halvor Groth 0-0: Fly out, F8 (Flyball, 8RXD, EV 98.1 MPH)
Batting: RHB Jose Tamayo 0-0: Ball
1-0: Foul Ball, location: 2F
1-1: Called Strike
1-2: SINGLE (Groundball, 6MD, EV 98.8 MPH)
Justin Welsh to second
Batting: LHB Jorge Barrera 0-0: Ball
1-0: Fly out, F4 (Popup, 34, EV 73.1 MPH)
Bottom of the 6th over - 0 runs, 1 hit, 0 errors, 2 left on base; Los Angeles 1 - Boston 0
TOP OF THE 7TH
Los Angeles Angels batting - Pitching for Boston Red Sox : RHP Chris McFarland
Pitching: RHP Chris Sheena
Batting: RHB Eric Goff 0-0: Ground out 6-3 (Groundball, P, EV 81.2 MPH)
Batting: LHB Andres Ponce 0-0: Foul Ball, location: 2F
0-1: Foul Ball, location: 2F
0-2: Ball
1-2: Ball
2-2: Foul Ball, location: 2F
2-2: Foul Ball, location: 2F
2-2: Ball
3-2: Ground out 6-3 (Groundball, 4M, EV 82.5 MPH)
Batting: LHB Rimbo Lindstrom 0-0: Ball
1-0: Called Strike
1-1: Foul Ball, location: 2F
1-2: Foul Ball, location: 2F
1-2: Ball
2-2: SINGLE (Line Drive, 6MD, EV 105.6 MPH)
Batting: LHB Esteban Jimenez 0-0: Foul Ball, location: 2F
0-1: Ground out 4-3 (Groundball, 4, EV 88.1 MPH)
Top of the 7th over - 0 runs, 1 hit, 0 errors, 1 left on base; Los Angeles 1 - Boston 0
BOTTOM OF THE 7TH
Boston Red Sox batting - Pitching for Los Angeles Angels : RHP Danny Bolduc
Batting: RHB Tom Miller 0-0: Swinging Strike
0-1: Ball
1-1: Swinging Strike
1-2: Foul Ball, location: 2F
1-2: Foul Ball, location: 2F
1-2: Ball
2-2: Strikes out swinging
Batting: RHB Nimulodi Adebayo 0-0: Ball
1-0: Swinging Strike
1-1: Swinging Strike
1-2: Ball
2-2: Fly out, F8 (Flyball, 89D, EV 99.4 MPH)
Pinch Hitting: LHB Dave Valdes 0-0: Called Strike
0-1: Ball
1-1: Ball
2-1: Ground out U3 (Groundball, 34, EV 103.1 MPH)
Bottom of the 7th over - 0 runs, 0 hits, 0 errors, 0 left on base; Los Angeles 1 - Boston 0
TOP OF THE 8TH
Los Angeles Angels batting - Pitching for Boston Red Sox : RHP Chris Sheena
Now in CF: Dave Valdes
Batting: RHB David Costilla 0-0: Ball
1-0: Called Strike
1-1: Swinging Strike
1-2: Strikes out swinging
Pinch Hitting: RHB Lance Cello 0-0: Ball
1-0: Foul Ball, location: 2F
1-1: Ball
2-1: Called Strike
2-2: SINGLE (Line Drive, 4M, EV 98.1 MPH)
Pinch Hitting: LHB Bobby Snooks 0-0: Ball
1-0: Called Strike
1-1: Ball
2-1: DOUBLE (Flyball, 8LXD, EV 110.0 MPH)
Lance Cello to third
Pinch Hitting: RHB Ian Williams 0-0: Called Strike
0-1: Called Strike
0-2: Strikes out swinging
Pinch Hitting: RHB Dan Spaude 0-0: 3-RUN HOME RUN (Line Drive, 7D, EV 103.1 MPH), Distance : 445 ft
Pitching: RHP Chad Plummer
Pinch Hitting: RHB John Eliason 0-0: Called Strike
0-1: Swinging Strike
0-2: Ball
1-2: Strikes out swinging
Top of the 8th over - 3 runs, 3 hits, 0 errors, 0 left on base; Los Angeles 4 - Boston 0
BOTTOM OF THE 8TH
Boston Red Sox batting - Pitching for Los Angeles Angels : RHP Danny Bolduc
Pitching: RHP John Erchul
Now at 1B: Dan Spaude
Now at 2B: John Eliason
Now at 3B: Ian Williams
Now at SS: Lance Cello
Now in CF: Bobby Snooks
Pinch Hitting: SHB Andy Dover 0-0: Ball
1-0: Ball
2-0: Ball
3-0: Base on Balls
Pinch Hitting: LHB Ernie Hoyer 0-0: Swinging Strike
0-1: Foul Ball, location: 2F
0-2: Ball
Wild Pitch!
Andy Dover to second
1-2: Strikes out swinging
Batting: SHB Nick Erickson 0-0: Ball
1-0: Called Strike
1-1: Foul Ball, location: 2F
1-2: Ball
2-2: Foul Ball, location: 2F
2-2: Foul Ball, location: 2F
2-2: Ball
3-2: Foul Ball, location: 2F
3-2: Base on Balls
Pinch Hitting: LHB Rick Oliver 0-0: Ball
1-0: Called Strike
1-1: Called Strike
1-2: Ball
2-2: 3-RUN HOME RUN (Flyball, 9D, EV 99.4 MPH), Distance : 393 ft
Pitching: LHP Jeremy LeVan
Pinch Hitting: RHB D.J. Alvarado 0-0: Ball
1-0: Called Strike
1-1: Fly out, F7 (Flyball, 78D, EV 99.4 MPH)
Pinch Hitting: LHB Kris Soto 0-0: Ball
1-0: Foul Ball, location: 2F
1-1: Called Strike
1-2: Strikes out swinging
Bottom of the 8th over - 3 runs, 1 hit, 0 errors, 0 left on base; Los Angeles 4 - Boston 3
TOP OF THE 9TH
Los Angeles Angels batting - Pitching for Boston Red Sox : RHP Chad Plummer
Now at 1B: Kris Soto
Now at 3B: D.J. Alvarado
Now at SS: Andy Dover
Now in LF: Rick Oliver
Now in RF: Ernie Hoyer
Pinch Hitting: LHB Frank Gurrola 0-0: Ball
1-0: Ball
2-0: Called Strike
2-1: Called Strike
2-2: Ball
3-2: SINGLE (Groundball, 5L, EV 92.5 MPH) (infield hit)
Batting: LHB Josh Hofmann 0-0: Called Strike
0-1: Ball
1-1: Called Strike
1-2: Ball
2-2: Strikes out swinging
Pinch Hitting: RHB Carlos Lozano 0-0: Ball
1-0: Foul Ball, location: 2F
1-1: Called Strike
Frank Gurrola steals 2nd base (no throw)
1-2: Ground out 6-3 (Groundball, 6, EV 79.4 MPH)
Pinch Hitting: RHB Willie Palacios 0-0: Called Strike
0-1: Called Strike
0-2: Strikes out swinging
Top of the 9th over - 0 runs, 1 hit, 0 errors, 1 left on base; Los Angeles 4 - Boston 3
BOTTOM OF THE 9TH
Boston Red Sox batting - Pitching for Los Angeles Angels : LHP Jeremy LeVan
Pitching: RHP Mike Stadie
Now at C: Willie Palacios
Now at 1B: Carlos Lozano
Now in RF: Frank Gurrola
Pinch Hitting: SHB Masao Matsumoto 0-0: Ball
1-0: Called Strike
1-1: Swinging Strike
1-2: Strikes out swinging
Pinch Hitting: RHB Kevin Boyd 0-0: Foul Ball, location: 2F
0-1: Foul Ball, location: 2F
0-2: Ball
1-2: Foul Ball, location: 2F
1-2: Foul Ball, location: 2F
1-2: Strikes out swinging
Batting: LHB Dave Valdes 0-0: Foul Ball, location: 2F
0-1: Foul Ball, location: 2F
0-2: Strikes out swinging
Bottom of the 9th over - 0 runs, 0 hits, 0 errors, 0 left on base; Los Angeles 4 - Boston 3
Saturday, October 23rd , 2021 - OOTP Baseball 22.10 Build 79